 Dungeon Crawl Stone Soup version 0.25.1-1-g288607f (webtiles) character file.

Game seed: 6539716488868966390

6554 LOGL03 the Zephyrmancer (level 10, -20/74 HPs)
             Began as a Red Draconian Air Elementalist on Sept 13, 2020.
             Was a Priest of Hepliaklqana.
             Demolished by cannibality's ghost (40 damage)
             ... on level 1 of the Lair of Beasts on Sept 14, 2020.
             The game lasted 01:17:57 (12302 turns).

LOGL03 the Zephyrmancer (DrAE)                     Turns: 12302, Time: 01:18:00

Health: -20/74     AC: 11    Str: 21    XL:     10   Next: 70%
Magic:  0/21       EV: 13    Int: 17    God:    Hepliaklqana [***...]
Gold:   169        SH:  0    Dex:  8    Spells: 6/23 levels left

rFire    + . .     SeeInvis +   l - +7 mace "Lacertilianslayer" {venom, Str+8 Dex-3 SInv}
rCold    . . .     Gourm    .   (no shield)
rNeg     . . .     Faith    .   (armour unavailable)
rPois    +         Spirit   .   (helmet restricted)
rElec    .         Reflect  .   f - +1 cloak
rCorr    .         Harm     .   c - +1 pair of gloves
MR       .....                  (no boots)
Stlth    ++........             (no amulet)
HPRegen  0.22/turn              e - ring of poison resistance
MPRegen  0.17/turn              (no ring)

@: short of breath
A: breathe fire, unfitting armour, reduced essence, horns 1, fire resistance 1,
cold-blooded, MP-powered wands, AC +7
a: Breathe Fire, Recall Ancestor, Ancestor Identity, Transference, Renounce
Religion


You were on level 1 of the Lair of Beasts.
You worshipped Hepliaklqana.
Hepliaklqana was most pleased with you.
You were not hungry.

You visited 3 branches of the dungeon, and saw 10 of its levels.

You collected 534 gold pieces.
You spent 365 gold pieces at shops.

Inventory:

Hand Weapons
 l - the +7 mace "Lacertilianslayer" (weapon) {venom, Str+8 Dex-3 SInv}
   (You found it on level 5 of the Dungeon)

   It poisons the flesh of those it strikes.
   It affects your strength (+8).
   It affects your dexterity (-3).
   It lets you see invisible.
Armour
 c - a +1 pair of gloves (worn)
 f - a +1 cloak (worn)
Jewellery
 e - a ring of poison resistance (left hand)
 q - a +4 ring of evasion {unknown}
Wands
 g - a wand of acid (7)
 h - a wand of flame (8)
 j - a wand of enslavement (7)
 w - a wand of iceblast (12)
Scrolls
 i - a scroll of remove curse
 k - 3 scrolls of fear
 m - a scroll of teleportation
 r - a scroll of enchant weapon
 s - a scroll of random uselessness
 t - a scroll of summoning
 u - a scroll of vulnerability
 v - 3 scrolls of identify
 x - a scroll of blinking
Potions
 a - a potion of mutation
 d - 3 potions of stabbing
 n - a potion of lignification
 o - a potion of resistance {unknown}
Comestibles
 b - 9 rations
 z - a chunk of flesh


   Skills:
 + Level 5.7 Fighting
   Level 4.4 Short Blades
 * Level 5.9 Maces & Flails
 + Level 5.2 Dodging
 - Level 1.9 Stealth
 - Level 0.3 Unarmed Combat
 * Level 7.4 Spellcasting
 + Level 5.4 Conjurations
 * Level 8.3 Air Magic


You had 6 spell levels left.
You knew the following spells:

 Your Spells              Type           Power        Failure   Level  Hunger
a - Swiftness             Chrm/Air       ###.....     3%          2    None
b - Static Discharge      Conj/Air       ####....     1%          3    ##.....
c - Airstrike             Air            ####......   3%          4    ####...
d - Lightning Bolt        Conj/Air       ####......   19%         5    #####..
e - Confusing Touch       Hex            #.......     32%         3    ##.....

Your spell library contained the following spells:

 Spells                   Type           Power        Failure   Level  Hunger
 Shock                    Conj/Air       ####         1%          1    None
 Gell's Gravitas          Tloc           #.........   32%         3    ##.....
 Petrify                  Tmut/Erth      #.......     73%         4    ####...
 Metabolic Englaciation   Hex/Ice        #.........   97%         5    #####..
 Yara's Violent Unravell  Hex/Tmut       #.........   97%         5    #####..


Dungeon Overview and Level Annotations

Branches:
Dungeon (8/15)             Temple (1/1) D:7            Lair (1/6) D:8

Altars:
Ashenzari
Cheibriados
Dithmenos
Elyvilon
Fedhas
Hepliaklqana
Kikubaaqudgha
Makhleb
Okawaru
Qazlal
Ru
Sif Muna
Trog
Uskayaw
Vehumet
Wu Jian
Xom
Yredelemnul
Zin
The Shining One

Shops:
D:8 ??

Annotations:
D:3 1 runed translucent door, Crazy Yiuf
Lair:1 cannibality's ghost, journeyman MiBe


Innate Abilities, Weirdness & Mutations

You can breathe blasts of fire.
Your fiery red scales are hard. (AC +7)
You cannot fit into any form of body armour.
Your flesh is heat resistant. (rF+)
You are cold-blooded and may be slowed by cold attacks.
Your life essence is reduced to manifest your ancestor. (-10% HP)
You have a pair of small horns on your head.
You expend magic power (3 MP) to strengthen your wands.


Message History

Confirm with . or Enter, or press ? or * to list all spells.
You don't have enough magic to cast that spell.
You hit cannibality's ghost but do no damage.
You headbutt cannibality's ghost.
Cannibality's ghost is lightly damaged.
TianLong hits cannibality's ghost with a +0 dagger of draining.
Cannibality's ghost hits you!
You barely miss cannibality's ghost.
Cannibality's ghost is lightly damaged.
TianLong hits cannibality's ghost but does no damage.
Cannibality's ghost hits you!!
* * * LOW HITPOINT WARNING * * *
You hit cannibality's ghost but do no damage.
You headbutt cannibality's ghost.
Your tail-slap misses cannibality's ghost.
Cannibality's ghost is moderately damaged.
TianLong hits cannibality's ghost with a +0 dagger of draining.
Cannibality's ghost hits you!!!
Ouch! That really hurt!
You die...

.#.#.........#....#.....#
#...........#.........###
#...........#.......P##
#.................####
..#...#......####.#
......).....#####.#
............###...####
..).#.......##.......#
.............###@R'###
.....<.......#♣.W..(.#
......#....#.#..?....#
.............#....♣..#
###
.....#......##((☼....#
####.#
...........###...(.(.#
#...##
..........[.##########
#...P# .......)..#.#
##...## ............#
#...##


You could see the friendly TianLong the hexer and cannibality's ghost.

Vanquished Creatures
  An elephant (D:8)
  2 spiny frogs (Lair:1)
  4 hippogriffs
  Grinder (D:3)
  4 yaks (Lair:1)
  A basilisk (D:8)
  A hungry ghost (D:8)
  Grum (D:8)
  Duvessa (D:5)
  A water moccasin (Lair:1)
  3 sky beasts
  An ice beast (D:6)
  2 phantoms
  An ogre (D:7)
  2 wolves (D:8)
  2 crocodiles
  2 centaurs (D:6)
  6 bullfrogs
  Dowan (D:5)
  A scorpion (D:6)
  4 wights
  2 howler monkeys
  A crimson imp (D:6)
  3 hounds
  A bullfrog skeleton (D:4)
  2 jellies
  An orc wizard (D:6)
  2 centaur skeletons
  An iguana (D:4)
  3 worker ants
  A killer bee zombie (D:8)
  A hexer (D:8)
  A hound zombie (D:7)
  A worker ant zombie (D:7)
  3 gnolls (D:5)
  10 adders
  2 shadow imps
  An ooze (D:3)
  An adder skeleton (D:4)
  2 dart slugs (D:1)
  2 leopard geckos
  8 orcs
  A ball python (D:3)
  5 bats
  3 giant cockroaches
  8 hobgoblins
  8 kobolds
  3 quokkas
  5 frilled lizards
  5 goblins
  A jackal zombie (D:6)
  2 leopard gecko skeletons
  A quokka skeleton (D:6)
  A quokka zombie (D:6)
  9 rats
143 creatures vanquished.

Vanquished Creatures (collateral kills)
  A hippogriff (D:5)
  Sigmund (D:5)
  2 yaks (Lair:1)
  A water moccasin (Lair:1)
  A wolf (D:8)
  A big kobold (D:8)
  A scorpion (D:7)
  2 wights (D:4)
  2 howler monkeys (D:8)
  A jelly (D:4)
  An iguana (D:6)
  A worker ant (D:4)
  An adder (D:7)
  A shadow imp (D:7)
  An adder skeleton (D:4)
  2 orcs
  A quokka (D:7)
21 creatures vanquished.

Vanquished Creatures (others)
  2 hexers (Lair:1)
  2 ancestors
  2 fungi (Lair:1)
6 creatures vanquished.

Grand Total: 170 creatures vanquished

Notes
Turn   | Place    | Note
-------+----------+-------------------------------------------
     0 | D:1      | LOGL03 the Draconian Air Elementalist began the quest for
                  | the Orb.
     0 | D:1      | Reached XP level 1. HP: 14/14 MP: 3/3
   319 | D:1      | Reached XP level 2. HP: 20/20 MP: 1/5
  1467 | D:2      | Reached XP level 3. HP: 22/27 MP: 1/6
  1709 | D:2      | Learned a level 3 spell: Static Discharge
  2754 | D:3      | Reached skill level 1 in Short Blades
  2893 | D:3      | Noticed Grinder
  2918 | D:3      | Paralysed by Grinder for 3 turns
  2926 | D:3      | Killed Grinder
  2926 | D:3      | Reached skill level 1 in Fighting
  2926 | D:3      | Reached skill level 4 in Air Magic
  2926 | D:3      | Reached XP level 4. HP: 26/35 MP: 3/8
  2926 | D:3      | Reached XP level 5. HP: 30/40 MP: 3/9
  3025 | D:3      | Learned a level 4 spell: Airstrike
  3068 | D:3      | Found a runed translucent door.
  3069 | D:3      | Noticed Crazy Yiuf
  3471 | D:4      | Reached XP level 6. HP: 48/48 MP: 2/10
  4045 | D:4      | Found a hazy altar of Hepliaklqana.
  4048 | D:4      | Became a worshipper of Hepliaklqana the Forgotten
  4327 | D:4      | Your scales start taking on a fiery red colour.
  4327 | D:4      | Reached XP level 7. HP: 10/49 MP: 0/12
  4327 | D:4      | Gained mutation: Your flesh is heat resistant. (rF+) [Red
                  | Draconian growth]
  5241 | D:5      | Entered Level 5 of the Dungeon
  5357 | D:5      | Noticed Sigmund
  5371 | D:5      | Killed Sigmund
  5371 | D:5      | Reached skill level 5 in Air Magic
  5472 | D:5      | Noticed a hippogriff
  5484 | D:5      | Killed a hippogriff
  5484 | D:5      | Reached XP level 8. HP: 43/56 MP: 6/14
  5658 | D:5      | Got a bloodstained mace
  5731 | D:5      | Noticed Dowan
  5735 | D:5      | Noticed Duvessa
  5753 | D:5      | Killed Dowan
  5779 | D:5      | Killed Duvessa
  6077 | D:5      | Gained mutation: You possess an exceptional clarity of
                  | mind. [potion of mutation]
  6077 | D:5      | Gained mutation: You are weak. (Str -2) [potion of
                  | mutation]
  6077 | D:5      | Gained mutation: You expend magic power (3 MP) to
                  | strengthen your wands. [potion of mutation]
  6077 | D:5      | Gained mutation: You evolve. [potion of mutation]
  6248 | D:5      | Reached * piety under Hepliaklqana
  6556 | D:6      | Identified the +7 mace "Lacertilianslayer" {venom, Str+8
                  | Dex-3 SInv} (You found it on level 5 of the Dungeon)
  6890 | D:6      | Reached skill level 1 in Maces & Flails
  6890 | D:6      | Reached skill level 5 in Spellcasting
  7059 | D:6      | Lost mutation: You are weak. (Str -2) [evolution]
  7109 | D:6      | Reached skill level 6 in Air Magic
  8290 | D:7      | Found a basalt altar of Yredelemnul.
  8291 | D:7      | Found a blossoming altar of Fedhas.
  8292 | D:7      | Found an ancient bone altar of Kikubaaqudgha.
  8358 | D:7      | Reached XP level 9. HP: 63/63 MP: 4/17
  8499 | D:7      | Found a stormy altar of Qazlal.
  8673 | D:7      | Learned a level 5 spell: Lightning Bolt
  8843 | D:7      | Found a sacrificial altar of Ru.
  9060 | D:7      | Reached ** piety under Hepliaklqana
  9061 | D:7      | Remembered your ancestor TianLong as a hexer
  9236 | D:7      | Found a staircase to the Ecumenical Temple.
  9286 | Temple   | Entered the Ecumenical Temple
  9605 | D:8      | Found Rilem's Magic Scroll Shoppe.
  9634 | D:8      | Bought a scroll of random uselessness for 13 gold pieces
  9634 | D:8      | Bought a scroll of summoning for 123 gold pieces
  9634 | D:8      | Bought a scroll of vulnerability for 97 gold pieces
  9696 | D:8      | Noticed an elephant
  9704 | D:8      | Killed an elephant
  9704 | D:8      | Reached skill level 7 in Air Magic
 10028 | D:8      | Gained mutation: You have a pair of small horns on your
                  | head. [evolution]
 10161 | D:8      | Noticed Grum
 10165 | D:8      | Killed Grum
 10193 | D:8      | Reached skill level 5 in Fighting
 10193 | D:8      | Reached XP level 10. HP: 50/72 MP: 6/19
 10677 | D:8      | Found a staircase to the Lair.
 10739 | Lair:1   | Entered Level 1 of the Lair of Beasts
 10912 | Lair:1   | Reached skill level 5 in Maces & Flails
 10920 | Lair:1   | Reached skill level 5 in Conjurations
 11295 | D:8      | Found Femoq's Magic Scroll Shop.
 11303 | D:8      | Bought a scroll of amnesia for 42 gold pieces
 11303 | D:8      | Bought a scroll of blinking for 90 gold pieces
 11407 | D:8      | Learned a level 2 spell: Swiftness
 11585 | Lair:1   | Noticed a spiny frog
 11589 | Lair:1   | Reached skill level 5 in Dodging
 11589 | Lair:1   | Reached skill level 8 in Air Magic
 11615 | Lair:1   | Lost mutation: You possess an exceptional clarity of mind.
                  | [evolution]
 11615 | Lair:1   | Lost mutation: You evolve. [end of evolution]
 11659 | Lair:1   | Killed a spiny frog
 11764 | Lair:1   | Noticed a spiny frog
 11768 | Lair:1   | Killed a spiny frog
 11888 | Lair:1   | Learned a level 3 spell: Confusing Touch
 12029 | Lair:1   | Reached *** piety under Hepliaklqana
 12285 | Lair:1   | Found a runed translucent gate.
 12285 | Lair:1   | Found a runed translucent gate.
 12286 | Lair:1   | Found a runed translucent gate.
 12289 | Lair:1   | Noticed cannibality's ghost (journeyman MiBe)
 12302 | Lair:1   | Demolished by cannibality's ghost

Illustrated notes

Levels and vault maps discovered:
D:1:      matt_arrival_spirals, layout_loops_corners
D:2:      layout_basic, first_ration
D:3:      layout_loops_ring, uniq_grinder, uniq_crazy_yiuf_cottage
D:4:      layout_basic, lemuel_doored_altar
D:5:      layout_rooms, roderic_cross_of_infinity, uniq_duvessa, uniq_sigmund
D:6:      kennysheep_six_static_rooms, layout_loops_ring, enter_ossuary_3
D:7:      layout_loops_cross, nicolae_ru_sacrificial_ziggurat,
          grunt_temple_overflow_open, minmay_temple_entry_statues, st_stairs_6,
          nicolae_qazlal_eye_of_the_storm
D:8:      layout_cave_pods, david_lair_generic, serial_shops,
          nicolae_shop_stone, shop, uniq_grum
Temple:   regret_index_temple_waves
Lair:1:   layout_misc_corridors, ebering_ghost_rock_garden

Skill      XL: |  1  2  3  4  5  6  7  8  9 10 |
---------------+-------------------------------+-----
Dodging        | 2 3 4 5 |  5.2
Short Blades   | 2 3 4 |  4.4
Fighting       | 1 2 3 4 5 |  5.7
Spellcasting   | 3 4 5 6 7 |  7.4
Conjurations   | 2 3 4 5 |  5.4
Air Magic      | 4 5 6 7 8 |  8.3
Maces & Flails | 2 4 5 |  5.9
Stealth        | |  1.9
Unarmed Combat | |  0.3

Action                   |  1- 3 |  4- 6 |  7- 9 | 10-12 || total
-------------------------+-------+-------+-------+-------++-------
Melee: Unarmed           |     2 |       |       |       ||     2
       Short sword       |    23 |    48 |    57 |       ||   128
       Tailslap          |     2 |     4 |    12 |     7 ||    25
       Mace              |       |       |    51 |    50 ||   101
       Punch             |       |       |     1 |       ||     1
       Headbutt          |       |       |       |    17 ||    17
 Cast: Shock             |    84 |    28 |    30 |     1 ||   143
       Static Discharge  |     2 |     2 |     7 |     1 ||    12
       Airstrike         |       |     6 |    76 |    24 ||   106
       Lightning Bolt    |       |       |     5 |     2 ||     7
       Swiftness         |       |       |       |     1 ||     1
Invok: Ancestor Identity |       |     2 |       |     1 ||     3
       Recall Ancestor   |       |       |     1 |       ||     1
       Ancestor Life: He |       |       |     1 |       ||     1
       Transference      |       |       |       |     1 ||     1
 Abil: Breathe Fire      |       |       |       |     2 ||     2
  Use: Scroll            |     9 |       |     8 |     3 ||    20
       Potion            |     3 |     1 |     1 |     5 ||    10
 Stab: Sleeping          |       |       |     1 |       ||     1
  Eat: Ration            |     2 |     2 |     7 |     3 ||    14
       Chunk             |     1 |     2 |     7 |     3 ||    13
Armor: Skin              |     7 |    19 |    48 |    24 ||    98
Dodge: Dodged            |    18 |    37 |    70 |    51 ||   176
